 Dungeon Crawl Stone Soup version 0.22-a0-567-gff9aefc (webtiles) character file.

33 Amnesiac the Ducker (level 3, -3/19 HPs)
             Began as a Spriggan Fighter on June 30, 2018.
             Engulfed by a cloud of flame (20 damage)
             ... on level 3 of the Dungeon.
             The game lasted 00:01:56 (538 turns).

Amnesiac the Ducker (Spriggan Fighter)               Turns: 538, Time: 00:01:56

Health: -3/19      AC:  2    Str: 13    XL:     3   Next: 12%
Magic:  4/4        EV: 19    Int:  9    God:
Gold:   66         SH:  6    Dex: 15    Spells: 2/2 levels left

rFire    . . .     SeeInvis +   a - +0 rapier
rCold    . . .     Gourm    .   c - +0 buckler
rNeg     . . .     Faith    .   b - +0 robe
rPois    .         Spirit   .   (helmet restricted)
rElec    .         Reflect  .   (no cloak)
rCorr    .         Harm     .   (gloves unavailable)
MR       .....                  (boots unavailable)
Stlth    ++........             (no amulet)
HPRegen  0.06/turn              (no ring)
MPRegen  0.09/turn              (no ring)

@: very quick
A: very small, unfitting armour, see invisible, herbivore, speed 3, slow
metabolism 2
a: no special abilities


You were on level 3 of the Dungeon.
You were not hungry.

You visited 1 branch of the dungeon, and saw 3 of its levels.

You collected 66 gold pieces.

Inventory:

Hand Weapons
 a - a +0 rapier (weapon)
Armour
 b - a +0 robe (worn)
 c - a +0 buckler (worn)
Scrolls
 e - 2 scrolls of remove curse {!r, unknown}
 g - a scroll of blinking {!r, unknown}
 i - a scroll of magic mapping {!r, unknown}
Potions
 d - a potion of might {!q}
 h - 2 potions of curing {!q, unknown}
Comestibles
 f - 3 rations


   Skills:
 - Level 2.4 Fighting
 * Level 3.0 Short Blades
 - Level 4.4 Dodging
 + Level 2.9 Stealth
 + Level 2.3 Shields


You had 2 spell levels left.
You didn't know any spells.
Your spell library was empty.

Dungeon Overview and Level Annotations

Branches:
Dungeon (3/15)

Altars:
Vehumet


Innate Abilities, Weirdness & Mutations

You are very small and have problems with some larger weapons.
You are too small for most types of armour.
You have supernaturally acute eyesight. (SInv)
You are a herbivore.
You cover ground extremely quickly.
You need to consume almost no food.


Message History

You kill the leopard gecko!
No target in view!
No target in view!
As you open the door, it creaks loudly!
You hear an angry hiss.
You start resting.
HP restored.
There is an open door here.
An adder comes into view.
The adder hisses angrily.
An adder is nearby!
An adder is nearby!
You barely miss the adder. The adder bites you.
You are poisoned.
The adder poisons you!
You closely miss the adder.
You feel sick. You block the adder's attack.
You closely miss the adder. The adder misses you. You block the adder's attack.
You hit the adder.
The adder is moderately wounded.
The adder barely misses you.
You puncture the adder!
You kill the adder!
Your Short Blades skill increases to level 3!
You have reached level 3!
Your experience leads to an increase in your attributes!
Increase (S)trength, (I)ntelligence, or (D)exterity?
You feel stronger.
You feel sick.
You start resting.
You feel sick. x2
You are no longer poisoned.
You start resting.
HP restored.
Found a purple potion.
Found 11 bolts.
h - 2 purple potions {!q} (gained 1)
You see here a pair of boots.
A frilled lizard comes into view.
A frilled lizard is nearby!
The helpless frilled lizard fails to defend itself.
You puncture the frilled lizard!
You kill the frilled lizard!
You see here a frilled lizard corpse.
A bat and a goblin come into view.
There are monsters nearby!
The helpless bat fails to defend itself.
You puncture the bat!
You kill the bat!
Found a radiant altar of Vehumet.
Found 14 gold pieces.
The helpless goblin fails to defend itself.
You impale the goblin!!
You kill the goblin!
You see here a club.
Really walk into a travel-excluded area? [Y]es or [N]o only, please.
Really walk into a travel-excluded area?
Found a rapier.
A hound comes into view.
The hound barks!
You see here 14 gold pieces.
You now have 66 gold pieces (gained 14).
You are engulfed in blazing flames.
Ouch! That really hurt!
You die...

.............##...
#.............##...
..............##...
#.............##...
#.............##...
#..§.§........#####
##.§.§.........#
##..§_..........#####
#...@.§..)......##...
.....#...§.........##...
.........#####........†.
###......# ##......###
........h ##.......#
.#......... #.....#..
........).. #.....#..
.#..#.#..... #........
#..#.#+###. #.....##.


You could see a hound.

Vanquished Creatures
  An adder (D:3)
  2 dart slugs (D:1)
  A leopard gecko (D:3)
  3 giant cockroaches
  5 hobgoblins
  2 bats (D:3)
  2 frilled lizards
  2 goblins
  A rat (D:3)
19 creatures vanquished.

Notes
Turn   | Place    | Note
-------+----------+-------------------------------------------
     0 | D:1      | Amnesiac the Spriggan Fighter began the quest for the Orb.
     0 | D:1      | Reached XP level 1. HP: 11/11 MP: 2/2
     9 | D:1      | Reached skill level 1 in Stealth
   172 | D:1      | Reached XP level 2. HP: 15/16 MP: 3/3
   386 | D:3      | Reached XP level 3. HP: 12/19 MP: 4/4
   528 | D:3      | Found a radiant altar of Vehumet.
   538 | D:3      | Engulfed by a cloud of flame

Vault maps used:
D:1:      roderic_crossed_star
D:2:      nicolae_overflow_crystal_walls
D:3:      overflow_temple_1_default, fiery_altar_vehumet, lemuel_doored_altar,
          chequers_ecumenical_altar_simple_redux, first_ration,
          makhleb_heckhound_becter

Skill      XL: |  1  2 |
---------------+-------+-----
Stealth        | 2 |  2.9
Short Blades   | 3 |  3.0
Fighting       | |  2.4
Dodging        | |  4.4
Shields        | |  2.3

Action                   || total
-------------------------++-------
Melee: Rapier            ||    47
 Stab: Sleeping          ||     4
Armor: Robe              ||     2
Dodge: Dodged            ||    17
Block: Buckler           ||     9

Table legend:
 A = Spawn XP
 B = Non-spawn XP
 C = Spawn XP percentage of total XP
 D = Spawn monster count
 E = Non-spawn monster count
 F = Spawn count percentage of total count
 G = Total turns spent on level
                    A         B        C        D         E        F      G
               +---------+---------+-------+---------+---------+-------+---------
         Total |       0 |      48 |   0.0 |       0 |      19 |   0.0 |   538
               +---------+---------+-------+---------+---------+-------+---------
           D:1 |       0 |      22 |   0.0 |       0 |      10 |   0.0 |   234
           D:3 |       0 |      26 |   0.0 |       0 |       9 |   0.0 |   300
               +---------+---------+-------+---------+---------+-------+---------
